AoeStats
← jess_du_marais

Arena

509299055Analyzed
1v1 RM · 6d ago on Sep 26, 2026· 138m 18s· 2 players
Game mode
Random Map
Map size
Tiny (2 player)
Population
200
Speed
Normal
Resources
Standard
Victory
Conquest
Starting age
Dark Age
Ending age
Imperial Age
RankedLock teamsTeams togetherTeam positionsShared explorationLock speedFull tech treeHidden civsTurbo modeCheats
Victory
Defeat
🇫🇷 Khmer · France
274
+19
🇲🇽 Celts · Mexico
342
-19
jess_du_marais
10:48 Loom
15:06 Feudal Age
18:11 Castle Age
16:51 Double-Bit Axe
19:39 Pikeman
20:55 Horse Collar
32:29 Redemption
37:49 Elite Skirmisher
40:35 Tusk Swords
44:26 Wheelbarrow
44:14 Heavy Plow
44:28 Bow Saw
44:26 Scale Barding Armor
44:22 Padded Archer Armor
49:29 Hand Cart
49:04 Town Watch
50:18 Scale Mail Armor
56:02 Imperial Age
54:19 Chain Barding Armor
57:17 Halberdier
57:50 Elite Ballista Elephant
57:59 Elite Ballista Elephant
59:02 Conscription
60:19 Hoardings
59:16 Sappers
60:30 Hoardings
61:39 Crop Rotation
64:40 Plate Barding Armor
64:20 Leather Archer Armor
64:17 Forging
67:00 Town Patrol
69:26 Chain Mail Armor
69:41 Ring Archer Armor
70:21 Double Crossbow
72:22 Ballistics
73:03 Chemistry
72:16 Masonry
72:17 Fortified Wall
72:05 Murder Holes
72:02 Heated Shot
72:51 Iron Casting
72:07 Fletching
76:33 Bodkin Arrow
81:14 Blast Furnace
80:14 Bracer
80:20 Bracer
82:08 Architecture
82:25 Sanctity
83:11 Theocracy
83:51 Guard Tower
84:07 Siege Engineers
85:00 Coinage
84:32 Caravan
99:53 Keep
99:57 Banking
119:44 Elite Battle Elephant
128:12 Onager
132:07 Light Cavalry
132:58 Bloodlines
bernardo.bello.92
9:59 Feudal Age
15:48 Double-Bit Axe
18:05 Horse Collar
22:02 Castle Age
20:08 Fletching
21:02 Gold Mining
21:39 Forging
28:58 Wheelbarrow
29:05 Pikeman
35:14 Hand Cart
34:29 Elite Skirmisher
41:55 Gold Shaft Mining
42:18 Scale Mail Armor
42:54 Iron Casting
42:14 Bodkin Arrow
42:20 Padded Archer Armor
46:42 Leather Archer Armor
46:43 Chain Mail Armor
52:13 Imperial Age
52:30 Capped Ram
52:32 Onager
52:44 Halberdier
60:08 Gambesons
67:50 Light Cavalry
68:32 Husbandry
69:48 Fortified Wall
70:56 Siege Onager
73:00 Chemistry
75:38 Siege Ram
78:40 Plate Mail Armor
79:25 Blast Furnace
78:57 Ballistics
81:56 Ring Archer Armor
87:34 Heavy Plow
87:49 Bow Saw
99:20 Cavalier
100:43 Scale Barding Armor
105:18 Chain Barding Armor
Connection lost

Rejoining the realm…

Still unreachable

The connection could not be restored.

Session expired

The server has moved on; the page needs a fresh start.